 Dungeon Crawl Stone Soup version 0.20-a0-270-g8e735b6 (webtiles) character file.

42 KristoblXynda the Shield-Bearer (level 3, -1/46 HPs)
             Began as a Draconian Fighter on Dec 9, 2016.
             Killed from afar by Natasha (2 damage)
             ... with a wand of flame (?/48)
             ... on level 2 of the Dungeon.
             The game lasted 00:01:23 (752 turns).

KristoblXynda the Shield-Bearer (Draconian Fighter)  Turns: 752, Time: 00:01:24

Health: -1/46      AC: 21    Str: 18    XL:     3   Next: 35%
Magic:  3/3        EV:  2    Int:  9    God:
Gold:   52         SH:  9    Dex: 10    Spells: 2/2 levels left

rFire  . . .     SeeInvis .     a - +0 long sword
rCold  . . .     Gourm    .     (armour unavailable)
rNeg   + + +     Faith    .     b - +0 shield
rPois  +         Spirit   .     (helmet currently unavailable)
rElec  .         Reflect  .     (cloak currently unavailable)
rCorr  .         Harm     .     (gloves currently unavailable)
MR     .....     NoTele   +     (boots currently unavailable)
Stlth  +.........               (no amulet)
                                (no ring)
                                (no ring)

@: tree-form
A: unfitting armour, (cold-blooded), AC +5
a: no special abilities


You were on level 2 of the Dungeon.
You were not hungry.
You were a tree.
You visited 1 branch of the dungeon, and saw 2 of its levels.

You collected 52 gold pieces.

Inventory:

Hand Weapons
 a - a +0 long sword (weapon)
Armour
 b - a +0 shield (worn)
Scrolls
 f - a scroll of enchant weapon {unknown}
 i - a scroll of remove curse {unknown}
 k - a scroll of identify {unknown}
 m - a scroll of enchant armour {unknown}
Potions
 c - a potion of might
 e - a potion of lignification
 h - a potion of flight {unknown}
 j - a potion of agility {unknown}
 l - a potion of mutation {unknown}
Comestibles
 d - a bread ration
 g - a meat ration


   Skills:
 - Level 3.2 Fighting
 * Level 3.1 Long Blades
 + Level 3.0 Dodging
 + Level 3.4 Shields


You had 2 spell levels left.
You didn't know any spells.

Dungeon Overview and Level Annotations

Branches:
Dungeon (2/15)

Altars:

Annotations:
D:2 Natasha


Innate Abilities, Weirdness & Mutations

((Your plain brown scales are hard. (AC +5)))
You cannot fit into any form of body armour.
((You are cold-blooded and may be slowed by cold attacks.))


Message History

Unknown command.
It was a potion of lignification.
You turn into a tree.
Your roots penetrate the ground.
Natasha stares at you and mumbles some strange words.
The magic dart hits you!
You closely miss Natasha. Natasha claws you but does no damage.
The frilled lizard bites you but does no damage.
You closely miss Natasha. You block Natasha's attack.
You block the frilled lizard's attack.
You hit Natasha.
Natasha is lightly wounded.
Natasha zaps a wand.
Helpless, you fail to dodge the puff of flame.
* * * LOW HITPOINT WARNING * * *
The frilled lizard bites you but does no damage.
You barely miss Natasha.
Natasha is lightly wounded.
Natasha zaps a wand.
Helpless, you fail to dodge the puff of flame.
You die...

..........# #......#
#........#####..≈≈≈.#
#...........##..≈%≈.#
#........##.##..≈≈≈.#
#........##.#........
#..............##....
##.......##.#.###.##.
###.#.###.##.#.#
#.##.
#....♣..#.##...#
#.##.
#.#.#hl.#.######
#.##. #.......# #.##.
.....###... #....
......# ... ####.
#......# . . ##
#....... #.##.##.


You could see Natasha and a frilled lizard.

Vanquished Creatures
  An ooze (D:2)
  A worm (D:2)
  A dart slug (D:1)
  A leopard gecko (D:1)
  2 ball pythons (D:1)
  3 giant cockroaches (D:1)
  3 goblins (D:1)
  3 hobgoblins
  3 jackals (D:1)
  3 bats
  2 frilled lizards (D:1)
  3 kobolds (D:1)
  4 rats (D:1)
30 creatures vanquished.

Notes
Turn   | Place    | Note
-------+----------+-------------------------------------------
     0 | D:1      | KristoblXynda the Draconian Fighter began the quest for the Orb.
     0 | D:1      | Reached XP level 1. HP: 19/19 MP: 1/1
     6 | D:1      | Noticed an eight-headed hydra
     6 | D:1      | Noticed a black bear
     7 | D:1      | Noticed an anaconda
   148 | D:1      | Reached XP level 2. HP: 26/26 MP: 2/2
   624 | D:1      | Reached XP level 3. HP: 29/31 MP: 3/3
   745 | D:2      | Noticed Natasha
   751 | D:2      | HP: 1/46 [Natasha/wand of flame (?/48) (12)]
   752 | D:2      | Killed from afar by Natasha

Vault maps used:
D:1:      onia_arrival_zoo_common, minivault_4, minmay_small_reverse_x
D:2:      corexii_item_surrounded_by_moat, uniq_terence, uniq_jessica,
          uniq_natasha

Skill      XL: |  1  2  3 |
---------------+----------+-----
Long Blades    | 3 |  3.1
Dodging        | 3 |  3.0
Fighting       | |  3.2
Shields        | |  3.4

Action                   || total
-------------------------++-------
Melee: Long sword        ||    97
       Tailslap          ||    14
  Use: Potion            ||     1
Armor: Skin              ||    42
Dodge: Dodged            ||    55
Block: Shield            ||    62
       Rpst.: Long sword ||    14
